 Dungeon Crawl Stone Soup version 0.16.2-12-gd0ad4c3 (webtiles) character file.

249 Gartch the Digger (level 6, -9/32 HPs)
             Began as a Gargoyle Earth Elementalist on Oct 24, 2015.
             Mangled by a black bear (11 damage)
             ... on level 3 of the Dungeon.
             The game lasted 00:37:24 (3931 turns).

Gartch the Digger (Gargoyle Earth Elementalist)     Turns: 3931, Time: 00:37:24

Health: -9/32      AC: 13    Str: 12    XL:     6   Next: 12%
Magic:  12/15      EV: 12    Int: 17    God:
Gold:   53         SH:  0    Dex: 10    Spells: 4 memorised, 3 levels left

rFire  . . .     SeeInvis .     t - +2 whip (elec)
rCold  . . .     Clarity  .     c - +1 robe
rNeg   + . .     SustAb   .     (no shield)
rPois  ∞         Gourm    .     e - +0 helmet
rElec  +         Spirit   .     m - +0 cloak
rCorr  .         Warding  .     s - +0 pair of gloves
rMut   .         Stasis   .     (no boots)
MR     .....                    (no amulet)
Stlth  ++........               (no ring)
                                (no ring)

@: stone skin, not resistant to hostile enchantments, unstealthy
A: negative energy resistance 1, electricity resistance, unbreathing,
petrification resistance, rot immunity, AC +4
a: no special abilities


You were on level 3 of the Dungeon.
You were not hungry.

You visited 1 branch of the dungeon, and saw 3 of its levels.

You collected 53 gold pieces.

Inventory:

Hand weapons
 g - a +2 short sword of speed
 l - a +1 short sword of venom
 t - a +2 whip of electrocution (weapon)
 u - a +1 vampiric whip
Missiles
 b - 108 stones (quivered)
 f - 14 arrows of flame
Armour
 c - a +1 robe (worn)
 e - a +0 helmet (worn)
 m - a +0 cloak (worn)
 p - a +0 helmet
 r - a cursed +0 leather armour
 s - a +0 pair of gloves (worn)
Jewellery
 i - a cursed ring of teleportation {unknown}
 j - an uncursed ring of ice {unknown}
Scrolls
 h - a scroll of enchant armour
 v - 3 scrolls of magic mapping {unknown}
 w - a scroll of remove curse {unknown}
 y - a scroll of identify
Potions
 k - a potion of flight
 n - a potion of curing {unknown}
 o - a potion of heal wounds {unknown}
Books
 d - a book of Geomancy

   Spells                             Type                      Level
   a - Sandblast                      Earth                        1
   b - Stoneskin                      Transmutation/Earth          2
   c - Passwall                       Transmutation/Earth          3
   d - Stone Arrow                    Conjuration/Earth            3
   e - Petrify                        Transmutation/Earth          4
   f - Lee's Rapid Deconstruction     Earth                        5
Comestibles
 a - 3 bread rations
 q - a beef jerky
 x - a chunk of flesh


   Skills:
 - Level 1.5 Dodging
 - Level 2.1 Stealth
 * Level 4.5 Spellcasting
 + Level 2.3 Conjurations
 - Level 0.7 Transmutations
 + Level 5.0 Earth Magic


You had 3 spell levels left.
You knew the following spells:

 Your Spells              Type           Power        Failure   Level  Hunger
a - Sandblast             Erth           ###...       1%          1    None
b - Stoneskin             Trmt/Erth      ##......     10%         2    ##.....
c - Stone Arrow           Conj/Erth      ###...       12%         3    ###....
d - Lee's Rapid Deconstr  Erth           ###.......   58%         5    ######.


Dungeon Overview and Level Annotations

Branches:
Dungeon (3/15)

Altars:
Elyvilon
Fedhas
Trog
Zin


Innate Abilities, Weirdness & Mutations

You are resistant to torment.
You are immune to poison.
Your stone body is very resilient (AC +4).
You resist negative energy.
You are resistant to electric shocks.
You can survive without breathing.
You are immune to petrification.
You are immune to rotting.


Message History

The black bear claws you.
The black bear bites you but does no damage.
The black bear barely misses you. The black bear closely misses you.
The black bear bites you!
* * * LOW HITPOINT WARNING * * *
The black bear claws you but does no damage.
The black bear claws you.
* * * LOW HITPOINT WARNING * * *
The black bear barely misses you.
The black bear claws you but does no damage.
The black bear barely misses you.
Your skin feels tender.
The black bear rages.
The black bear misses you. The black bear claws you.
* * * LOW HITPOINT WARNING * * *
The black bear claws you but does no damage.
Casting: Sandblast
Confirm with . or Enter, or press ? or * to list all spells.
Your skin hardens.
The black bear bites you!
You die...

..........#.###.(#..........#.###
..........#.# ##.#.##.#######.'..
######.#..#.####.#.##.# #.##.
#s#...........##.# #_≈##
######.#...........##.# ####
s..................##.######
...........................######
.............s.....#...###.#.....
...............h@..#...# #.#.####
...........#######.#...# #.#.#
##......)..)......<#...# #.#.#
#####.#.#.#######.....# #.#.#
######.#.#.....# ##....# #)#.#
.......#.#.....####....# #.#.#
########.#.....#.......# #.#.#
#.#.............# #.#.#
#.##....#.......# #.#.#


You could see a black bear (berserk) and a giant cockroach.

Vanquished Creatures
  A scorpion (D:3)
  4 gnolls (D:2)
  9 adders
  3 worms
  2 giant geckos
  2 orcs (D:3)
  8 bats
  A giant cockroach (D:1)
  6 hobgoblins
  3 jackals (D:2)
  8 kobolds
  A quokka (D:2)
  6 giant newts
  7 goblins
  4 rats
65 creatures vanquished.

Notes
Turn   | Place    | Note
--------------------------------------------------------------
     0 | D:1      | Gartch, the Gargoyle Earth Elementalist, began the quest for the Orb.
     0 | D:1      | Reached XP level 1. HP: 10/10 MP: 3/3
   332 | D:1      | Reached skill level 4 in Earth Magic
   332 | D:1      | Reached XP level 2. HP: 15/15 MP: 1/4
  1068 | D:2      | Reached XP level 3. HP: 15/19 MP: 1/6
  1137 | D:2      | Learned a level 2 spell: Stoneskin
  1141 | D:2      | Learned a level 3 spell: Stone Arrow
  1518 | D:2      | Reached XP level 4. HP: 21/24 MP: 7/9
  1917 | D:2      | Reached skill level 1 in Conjurations
  2526 | D:2      | Reached XP level 5. HP: 24/28 MP: 7/12
  3212 | D:3      | Found a bloodstained altar of Trog.
  3212 | D:3      | Found a glowing silver altar of Zin.
  3290 | D:3      | Reached skill level 5 in Earth Magic
  3340 | D:3      | Found a blossoming altar of Fedhas.
  3457 | D:3      | Reached XP level 6. HP: 32/32 MP: 12/15
  3464 | D:3      | Learned a level 5 spell: Lee's Rapid Deconstruction
  3649 | D:2      | Found a white marble altar of Elyvilon.
  3862 | D:3      | Noticed a black bear
  3931 | D:3      | Mangled by a black bear

Action                   |  1- 3 |  4- 6 || total
-------------------------+-------+-------++-------
Melee: Unarmed           |     5 |       ||     5
       Short sword       |    19 |    58 ||    77
       Whip              |       |    54 ||    54
Throw: Stone             |    28 |    38 ||    66
 Cast: Sandblast         |    38 |    60 ||    98
       Stoneskin         |       |    12 ||    12
  Use: Scroll            |       |     3 ||     3
 Stab: Sleeping          |     3 |     1 ||     4
  Eat: Chunk             |     2 |     8 ||    10
